 Dungeon Crawl Stone Soup version 0.29-a0-847-g24c0ca63c9 (webtiles) character file.

Game seed: 422355509811094262

621953 Malachi the Bringer of Light (level 27, -4/273 HPs)
             Began as a Hill Orc Fighter on July 16, 2022.
             Was the Champion of the Shining One.
             Killed by divine providence
             ... invoked by a royal mummy
              (11 damage)
             ... on level 3 of the Tomb of the Ancients.
             The game lasted 03:02:34 (63661 turns).

Malachi the Bringer of Light (Hill Orc Fighter)    Turns: 63661, Time: 03:02:35

Health: -4/273     AC: 60    Str: 37    XL:     27
Magic:  30/40      EV:  9    Int: 10    God:    the Shining One [******]
Gold:   2989       SH:  0    Dex: 12    Spells: 26/26 levels left

rFire   + + +      SeeInvis .   j - +9 executioner's axe (holy)
rCold   + + .      Faith    .   (shield currently unavailable)
rNeg    + + +      Spirit   .   c - +12 gold dragon scales
rPois   +          Reflect  .   L - +2 hat of Poor Excuses {Will+ Str+4}
rElec   .          Harm     .   t - +0 cloak {rF+}
rCorr   +          Rampage  .   m - +5 pair of gloves of Gehenna {rPois rF+ Int+2}
Will    ++++.                   r - +0 pair of boots
Stlth   ..........              q - amulet "Vilolufu" {rF+ Regen+ Stlth+}
HPRegen 0.00/turn               i - ring of Polytheism {rPois rC+ Will+ rCorr}
MPRegen 0.27/turn               b - ring of the Tortoise {AC+8}

@: lethally poisoned (-4 -> -15), about to teleport, contaminated, inhibited
regen, slowed, glowing, studying Earth Magic, very slow
A: thin skeletal structure 1, inhibited regeneration, subdued magic 1
}: 5/15 runes: decaying, slimy, silver, abyssal, gossamer
a: Renounce Religion, Divine Shield, Cleansing Flame, Summon Divine Warrior


You were on level 3 of the Tomb of the Ancients.
You worshipped the Shining One.
The Shining One was exalted by your worship.
You visited 13 branches of the dungeon, and saw 56 of its levels.
You visited the Abyss 2 times.
You also visited: Trove, Sewer and Ice Cave.

You collected 8290 gold pieces.
You spent 5301 gold pieces at shops.

Inventory:

Hand Weapons
 e - the +8 mithril axe "Arga" {speed, Will+}
   (You found it in a treasure trove)

   Attacks with this weapon are significantly faster.
   Will:      It increases your willpower.
 j - a +9 executioner's axe of holy wrath (weapon)
 w - the +7 lajatang of Order {silver, rMut}
   (You bought it in a shop on level 3 of the Vaults)

   It inflicts extra damage upon those it strikes, and deals substantially
   increased damage to chaotic, mutated and magically transformed beings.
   rMut:      It protects you from mutation.
 A - the +12 glaive of Prune {vorpal}
   (You took it off a deep elf death mage on level 3 of the Elven Halls)

   It inflicts extra damage upon your enemies.
   It halves damage taken while paralysed, petrified or unconscious.
Armour
 c - +12 gold dragon scales (worn)
 m - the +5 pair of gloves of Gehenna (worn) {rPois rF+ Int+2}
   (You found it on level 1 of the Lair of Beasts)

   Int:       It affects your intelligence (+2).
   rF:        It protects you from fire.
   rPois:     It protects you from poison.
 r - a +0 pair of boots (worn)
 t - a +0 cloak of fire resistance (worn)
 L - the +2 hat of Poor Excuses (worn) {Will+ Str+4}
   (You found it on level 2 of the Spider Nest)

   Str:       It affects your strength (+4).
   Will:      It increases your willpower.
 R - a +1 buckler of cold resistance
Jewellery
 b - the ring of the Tortoise (right hand) {AC+8}
   (You took it off a deep elf annihilator on level 3 of the Elven Halls)

   [ring of protection]

   AC:        It affects your AC (+8).
 g - the amulet "Aribian" {Reflect *Slow rC+ Str+4 Int+4 SH+5}
   (You bought it in a shop on level 5 of the Vaults)

   [amulet of reflection]

   It reflects blocked missile attacks.
   Str:       It affects your strength (+4).
   Int:       It affects your intelligence (+4).
   rC:        It protects you from cold.
   *Slow:     It may slow you when you take damage.
   SH:        It affects your SH (+5).
 i - the ring of Polytheism (left hand) {rPois rC+ Will+ rCorr}
   (You bought it in a shop on level 5 of the Vaults)

   [ring of protection from cold]

   rC:        It protects you from cold.
   rPois:     It protects you from poison.
   rCorr:     It protects you from acid and corrosion.
   Will:      It increases your willpower.
 k - a ring of see invisible
 p - a ring of poison resistance
 q - the amulet "Vilolufu" (around neck) {rF+ Regen+ Stlth+}
   (You found it on level 5 of the Pits of Slime)

   [amulet of regeneration]

   rF:        It protects you from fire.
   Regen:     It increases your rate of health regeneration.
   Stlth:     It makes you more stealthy.
Wands
 z - a wand of iceblast (36)
 O - a wand of light (31)
 P - a wand of digging (18)
 T - a wand of charming (42)
Scrolls
 a - 2 scrolls of silence
 n - 2 scrolls of summoning
 u - 15 scrolls of magic mapping
 y - 4 scrolls of immolation
 B - 16 scrolls of teleportation
 Q - 5 scrolls of enchant weapon
 S - 10 scrolls of poison
 V - a scroll of fog
 W - 5 scrolls of fear
 X - 7 scrolls of amnesia
Potions
 f - a potion of brilliance
 h - 11 potions of cancellation
 o - 28 potions of curing
 x - 2 potions of resistance
 D - 2 potions of heal wounds
 E - 9 potions of attraction
 F - 16 potions of ambrosia
 G - 5 potions of might
 H - 4 potions of mutation
 I - 5 potions of magic
 J - 7 potions of haste
 M - 8 potions of lignification
 Z - 4 potions of berserk rage
Miscellaneous
 d - a lightning rod (4/4)
 l - a tin of tremorstones (2/2)
 s - a phantom mirror
 N - a box of beasts
 Y - the horn of Geryon


   Skills:
 O Level 27 Fighting
 + Level 24.0(26.3) Axes
 - Level 16.2(22.6) Maces & Flails
 - Level 14.0(16.2) Staves
 O Level 27 Armour
 - Level 13.8 Shields
 O Level 27 Invocations


You had 26 spell levels left.
You didn't know any spells.
Your spell library contained the following spells:

 Spells                   Type           Power      Damage    Failure   Level
 Apportation              Tloc           0%         N/A       80%         1
 Magic Dart               Conj           0%         1d3       80%         1
 Shock                    Conj/Air       0%         1d3       80%         1
 Slow                     Hex            0%         N/A       80%         1
 Sting                    Tmut/Pois      0%         1d3       80%         1
 Summon Small Mammal      Summ           0%         N/A       80%         1
 Ensorcelled Hibernation  Hex/Ice        0%         N/A       90%         2
 Poisonous Vapours        Pois/Air       0%         N/A       90%         2
 Scorch                   Fire           0%         2d5       90%         2
 Searing Ray              Conj           0%         2d4       90%         2
 Sublimation of Blood     Necr           0%         N/A       90%         2
 Wereblood                Tmut           0%         N/A       90%         2
 Call Canine Familiar     Summ           0%         N/A       99%         3
 Confusing Touch          Hex            0%         N/A       99%         3
 Dazzling Flash           Conj/Hex       0%         N/A       99%         3
 Gell's Gravitas          Tloc           0%         N/A       99%         3
 Lesser Beckoning         Tloc           0%         N/A       99%         3
 Ozocubu's Armour         Ice            0%         N/A       99%         3
 Portal Projectile        Hex/Tloc       0%         N/A       99%         3
 Spider Form              Tmut/Pois      0%         N/A       99%         3
 Stone Arrow              Conj/Erth      0%         3d7       99%         3
 Summon Guardian Golem    Hex/Summ       0%         N/A       99%         3
 Swiftness                Air            0%         N/A       99%         3
 Teleport Other           Tloc           0%         N/A       99%         3
 Tukima's Dance           Hex            0%         N/A       99%         3
 Vampiric Draining        Necr           0%         2d6       99%         3
 Airstrike                Air            0%         0-1+      100%        4
 Anguish                  Hex/Necr       0%         N/A       100%        4
 Animate Armour           Summ/Erth      0%         N/A       100%        4
 Cause Fear               Hex            0%         N/A       100%        4
 Corpse Rot               Necr/Pois/Air  0%         N/A       100%        4
 Dispel Undead            Necr           0%         3d6       100%        4
 Flame Wave               Conj/Fire      0%         2d4       100%        4
 Fulminant Prism          Conj/Hex       0%         3d6       100%        4
 Iskenderun's Mystic Bla  Conj/Tloc      0%         2d3       100%        4
 Olgreb's Toxic Radiance  Pois           0%         N/A       100%        4
 Passage of Golubria      Tloc           0%         N/A       100%        4
 Petrify                  Tmut/Erth      0%         N/A       100%        4
 Summon Lightning Spire   Summ/Air       0%         N/A       100%        4
 Agony                    Necr           0%         N/A       100%        5
 Alistair's Intoxication  Tmut/Pois      0%         N/A       100%        5
 Blade Hands              Tmut           0%         N/A       100%        5
 Borgnjor's Vile Clutch   Necr/Erth      0%         N/A       100%        5
 Irradiate                Conj/Tmut      0%         3d11      100%        5
 Iskenderun's Battlesphe  Conj           0%         2d6       100%        5
 Lightning Bolt           Conj/Air       0%         1d11      100%        5
 Metabolic Englaciation   Hex/Ice        0%         N/A       100%        5
 Silence                  Hex/Air        0%         N/A       100%        5
 Summon Forest            Summ/Tloc      0%         N/A       100%        5
 Summon Mana Viper        Hex/Summ       0%         N/A       100%        5
 Yara's Violent Unravell  Hex/Tmut       0%         3d3       100%        5
 Death Channel            Necr           0%         N/A       100%        6
 Dispersal                Tloc           0%         N/A       100%        6
 Eringya's Noxious Bog    Tmut/Pois      0%         N/A       100%        6
 Iron Shot                Conj/Erth      0%         9d1       100%        6
 Simulacrum               Ice/Necr       0%         N/A       100%        6
 Starburst                Conj/Fire      0%         6d3       100%        6
 Statue Form              Tmut/Erth      0%         N/A       100%        6
 Summon Cactus Giant      Summ           0%         N/A       100%        6
 Enfeeble                 Hex            0%         N/A       100%        7
 Haunt                    Necr/Summ      0%         N/A       100%        7
 Malign Gateway           Summ/Tloc      0%         N/A       100%        7
 Orb of Destruction       Conj           0%         9d5       100%        7
 Spellforged Servitor     Conj/Summ      0%         N/A       100%        7
 Summon Hydra             Summ           0%         N/A       100%        7
 Borgnjor's Revivificati  Necr           0%         N/A       100%        8
 Disjunction              Tloc           0%         N/A       100%        8
 Lehudib's Crystal Spear  Conj/Erth      0%         10d2      100%        8
 Necromutation            Tmut/Necr      0%         N/A       100%        8
 Summon Horrible Things   Summ           0%         N/A       100%        8
 Chain Lightning          Conj/Air       0%         N/A       100%        9
 Death's Door             Necr           0%         N/A       100%        9
 Fire Storm               Conj/Fire      0%         5d1       100%        9
 Shatter                  Erth           0%         3d5*      100%        9


Dungeon Overview and Level Annotations

Branches:
Dungeon (15/15)            Temple (1/1) D:6            Lair (6/6) D:11
  Swamp (4/4) Lair:4       Spider (4/4) Lair:3        Slime (5/5) Lair:5
    Orc (2/2) D:11            Elf (3/3) Orc:2        Vaults (5/5) D:14
  Crypt (3/3) Vaults:2       Tomb (3/3) Crypt:3      Depths (4/4) D:15
   Hell (visited)             Dis (0/7) Hell            Geh (0/7) Hell
    Coc (0/7) Hell            Tar (0/7) Hell            Zot (0/5) Depths:4
  Sewer (visited)           IceCv (visited)

Altars:
Ashenzari
Cheibriados
Dithmenos
Elyvilon
Fedhas
Gozag
Hepliaklqana
Kikubaaqudgha
Makhleb
Nemelex Xobeh
Okawaru
Qazlal
Ru
Sif Muna
Trog
Uskayaw
Vehumet
Wu Jian
Xom
Yredelemnul
Zin
The Shining One
Beogh

Shops:
D:1 *   D:4 *   D:5 *   D:9 =   D:14 *   Orc:2 =?:[   Elf:1 [   Elf:2 :**
Vaults:1 !   Vaults:3 (   Vaults:5 (=?=   Depths:3 :**[

Portals:
Hell: Depths:1 Depths:2 Depths:3 Depths:4
Abyss: Depths:3
Pandemonium: Depths:2
Ziggurat: Depths:2

Annotations:
Lair:4 exclusion: 3 doors
Crypt:2 2 transporters, Goac's ghost, veteran MiBe
Tomb:3 Mennas


Innate Abilities, Weirdness & Mutations

You have a somewhat thin skeletal structure. (Dex +2, Stealth+)
You do not regenerate when monsters are visible.
Your spells are a little easier to cast, but a little less powerful.


Message History

The death scarab bites you but does no damage. x2
Mennas gestures frantically.
You resist with almost no effort. The death scarab bites you.
* * * LOW HITPOINT WARNING * * *
The death scarab drains your vigour!
You feel yourself slow down.
The emperor scorpion stings you but does no damage.
The emperor scorpion claws you but does no damage. x2
The death scarab completely misses you.
The emperor scorpion stings you but does no damage.
The emperor scorpion claws you but does no damage. x2
The harpy skeleton enters a dispersal trap!
The flying skull blinks!
The shadow wraith blinks!
The royal mummy blinks! x2
The death scarab blinks!
The emperor scorpion blinks!
The mummy priest blinks!
The emperor scorpion blinks!
The titan zombie blinks!
The emperor scorpion blinks!
The death scarab blinks!
The emperor scorpion blinks!
Mennas blinks!
The ushabti blinks!
The royal mummy blinks!
The death scarab blinks! x2
The guardian mummy blinks!
The emperor scorpion blinks!
The death scarab blinks! x2; The emperor scorpion blinks!
The titan zombie blinks!
The phantasmal warrior blinks!
The ushabti blinks!
The death scarab blinks!
You blink.
The guardian mummy hits you but does no damage.
The mummy priest invokes the aid of its god against you.
Something smites you!
* * * LOW HITPOINT WARNING * * *
The death scarab bites you but does no damage.
Mennas fails to trigger a net trap.
The mummy priest mumbles some strange prayers to its god against you.
Something smites you! The Shining One protects you from harm!
The freezing wraith hits you but does no damage. x2
You feel much better.
You feel very sick. The death scarab closely misses you.
The death scarab bites you!
* * * LOW HITPOINT WARNING * * *
The death scarab drains your vigour!
You feel as though you will be slow longer.
The royal mummy points at you and mumbles some strange words.
Something smites you!
You die...

#.............
#^............
#.............
#............
#.W..............
#M.ZZ.....B....#
#MWB.W....^M.##.^.
#.@MZA°MM.M##<...
##BMBBW..M##.....
##Bs.M..# ..^... .
#BsB§)§##§..... [.
#.Bzss.#^......
..^#M)BW○†#§....§$
...'sZ†M†.°Z..^.}$
...#.§.4†§#§○s.$$)
.. #..M)§.#..○§.Z$


You could see 2 royal mummies, Mennas, 5 emperor scorpions, 4 mummy priests, a
shadow wraith (summoned, invisible), a phantasmal warrior (summoned), a guardian
mummy, an ice devil (summoned), 2 freezing wraiths, a spectral four-headed hydra
(summoned), a spectral centaur warrior (summoned), a wraith (summoned), 10 death
scarabs, a flying skull (summoned), 3 mummies, a centaur warrior simulacrum
(summoned) and a harpy skeleton (summoned).

Vanquished Creatures
  the Royal Jelly (Slime:5)
  3 dread liches
  3 ancient liches
  30 royal mummies
  Sojobo (Vaults:3)
  Vv (Crypt:2)
  Parghit (Depths:4)
  Geryon (Hell)
  2 golden dragons
  Jory (Vaults:3)
  the Enchantress (Depths:2)
  A bone dragon (Crypt:3)
  3 doom hounds (Depths:2)
  A Tzitzimitl (Depths:2)
  A walking crystal tome (Depths:3)
  3 tentacled monstrosities
  A tainted leviathan (Hell)
  Grunn (Depths:2)
  A titan (Depths:2)
  8 liches
  2 deep elf blademasters (Abyss:5)
  A quicksilver dragon (Vaults:5)
  10 acid blobs (Slime:5)
  6 sphinxes
  7 ancient champions
  3 tentacled starspawn
  3 storm dragons
  A thorn hunter (Abyss:5)
  2 shadow dragons
  7 tengu reavers
  5 rockslimes
  6 deep elf sorcerers
  3 revenants
  A draconian monk (Abyss:3)
  4 azure jellies
  An azure jelly (shapeshifter) (Vaults:5)
  A draconian knight (Depths:4)
  A caustic shrike zombie (Tomb:2)
  2 emperor scorpions (Spider:4)
  5 fire giants
  7 vault wardens
  4 balrugs
  15 orc warlords
  2 frost giants (Depths:2)
  A juggernaut zombie (Hell)
  Aizul (Elf:1)
  2 draconian stormcallers (Depths:4)
  2 deep elf elementalists (Elf:3)
  5 ghost moths
  An angel (Depths:2)
  A draconian annihilator (Depths:1)
  A curse skull (Crypt:2)
  6 reapers
  2 war gargoyles (Vaults:3)
  2 hydra skeletons
  A cacodemon (Hell)
  A juggernaut skeleton (Crypt:1)
  27 very ugly things
  2 quicksilver oozes (Slime:5)
  13 stone giants
  5 spriggan defenders
  5 ironbound preservers
  2 black draconians (Depths:4)
  6 ironbound thunderhulks
  8 vampire knights
  2 deep elf demonologists (Elf:3)
  A green draconian (Depths:4)
  A caustic shrike skeleton (Tomb:2)
  2 eleionomae
  5 putrid mouths
  6 bennus
  4 bunyips
  4 deep elf annihilators
  A lorocyproca (Abyss:3)
  2 red draconians (Depths:4)
  A dire elephant (Vaults:4)
  7 spark wasps
  A white draconian (Depths:4)
  5 deep elf death magi
  9 ettins
  A spectral titan (Crypt:3)
  17 mummy priests
  A blizzard demon (Hell)
  2 spriggan zombies
  A crystal guardian (Hell)
  The ghost of capka3m the Grappler, a journeyman TrMo of the Shining One (Lair:1)
  Snorg (D:10)
  2 shambling mangroves
  9 fire dragons
  Josephine (D:10)
  6 deep elf high priests
  The ghost of Sickboy the Fighter, a journeyman MiBe of Trog (D:11)
  4 great orbs of eyes
  13 hydras
  7 rakshasas
  5 yaktaur captains
  Fannar (Lair:3)
  11 jiangshi
  The ghost of Fuumot the Fighter, a journeyman GrFi of the Shining One (Lair:4)
  4 ice dragons
  An elf skeleton (Crypt:1)
  A peacekeeper (Vaults:3)
  2 ogre magi
  5 vault guards
  7 boulder beetles
  A ghost crab (Swamp:2)
  2 spriggan skeletons
  A jorogumo (Spider:3)
  7 spriggan air magi
  6 centaur warriors
  6 ironbound frosthearts
  5 two-headed ogres
  A spectral stone giant (Crypt:3)
  24 dancing weapons
  4 death knights
  5 alligators
  2 satyrs (Abyss:5)
  3 tengu warriors
  52 death scarabs
  6 hell hogs
  10 deep troll shamans
  5 vampire magi
  10 spriggan berserkers
  18 hell knights
  3 deep troll earth magi
  A titan zombie (Depths:3)
  An orc high priest (Orc:2)
  10 thrashing horrors
  8 spriggans
  15 deep elf knights
  6 soul eaters
  15 sun demons
  21 skeletal warriors
  2 wretched stars
  5 iron trolls
  2 titan skeletons
  2 crystal echidnas (Hell)
  2 sixfirhies (Abyss:3)
  2 salamander mystics
  A spectral yaktaur (Vaults:4)
  A sun moth (Spider:3)
  A spatial maelstrom (Abyss:3)
  5 swamp dragons
  32 deep trolls
  5 goliath frogs
  9 shadow wraiths
  5 glowing orange brains
  An anaconda zombie (Tomb:2)
  4 spriggan druids
  2 spectral hydras (Swamp:4)
  A kraken simulacrum (Hell)
  6 flayed ghosts
  3 bog bodies
  8 starcursed masses
  An orc knight (Orc:2)
  10 phantasmal warriors
  A bunyip skeleton (Tomb:2)
  10 wizards
  5 orb spiders
  5 deep elf archers
  2 orange crystal statues (Hell)
  A harpy (Vaults:1)
  11 necromancers
  A shadow dragon zombie (Depths:3)
  12 ironbound convokers
  A wolf spider zombie (D:15)
  3 lindwurms
  A frost giant zombie (Depths:1)
  27 ugly things
  12 deep elf pyromancers
  14 deep elf zephyrmancers
  2 manticores
  5 worldbinders
  A human zombie (Vaults:4)
  A sphinx zombie (Depths:1)
  8 wolf spiders
  2 moths of wrath
  A will-o-the-wisp (Swamp:1)
  8 orc sorcerers
  A shining eye (Slime:5)
  An oklob plant (Swamp:4)
  11 vault sentinels
  8 cyclopes
  A dire elephant zombie (Abyss:3)
  3 molten gargoyles
  6 salamanders
  A centaur zombie (D:15)
  2 rust devils
  2 apocalypse crabs (Abyss:5)
  5 black mambas
  2 water nymphs (Abyss:5)
  2 elephants (Lair:3)
  7 smoke demons
  2 ice statues (IceCv)
  2 centaur skeletons
  A stone giant skeleton (Tomb:1)
  A frost giant skeleton (Depths:1)
  2 gargoyles
  3 torpor snails
  5 cane toads
  An orange demon (Hell)
  3 demonic crawlers
  A steelbarb worm zombie (Crypt:1)
  A dire elephant skeleton (Tomb:2)
  A sea snake zombie (Hell)
  An unseen horror (D:11)
  A rime drake (Lair:2)
  3 tengu conjurers (Depths:2)
  A tormentor (Depths:2)
  7 komodo dragons
  3 entropy weaver simulacra (IceCv)
  An orb spider zombie (Crypt:2)
  11 yaktaurs
  8 ice devils
  3 freezing wraiths
  33 guardian mummies
  An anaconda simulacrum (IceCv)
  A yaktaur zombie (Vaults:4)
  A yaktaur (shapeshifter) (Vaults:5)
  An ancient zyme (Abyss:5)
  A bloated husk (Swamp:1)
  A harpy zombie (Tomb:3)
  2 hydra zombies (Hell)
  A queen bee (shapeshifter) (Vaults:5)
  3 polar bears
  A queen bee (D:9)
  A tengu simulacrum (Depths:3)
  11 trolls
  3 tyrant leeches
  A boulder beetle zombie (Crypt:2)
  Grinder (D:3)
  A human simulacrum (Vaults:4)
  A shadow dragon simulacrum (Hell)
  A harpy skeleton (Hell)
  11 tarantellas
  4 blink frogs
  A culicivora zombie (Crypt:2)
  45 slime creatures
  A stone giant simulacrum (Crypt:1)
  An ettin zombie (Tomb:1)
  13 hornets
  29 flying skulls
  10 culicivoras
  Sigmund (D:4)
  A dream sheep (Lair:3)
  4 shadows
  An air elemental (Elf:1)
  A spriggan (shapeshifter) (Elf:1)
  14 jumping spiders
  4 dire elephant simulacra (IceCv)
  8 wyverns
  A vampire (D:12)
  3 fire bats (Abyss:4)
  3 fire elementals
  11 wraiths
  10 ushabtiu
  A human (shapeshifter) (Elf:3)
  3 golden eyes
  3 chaos spawn
  17 yaks
  3 humans (D:14)
  2 neqoxecs
  9 water elementals
  A sea snake simulacrum (Hell)
  6 vampire mosquitoes
  2 basilisks
  15 wargs
  An elf simulacrum (Vaults:4)
  5 steam dragons
  22 redbacks
  3 harpy simulacra
  8 large abominations
  Edmund (D:6)
  6 small abominations
  10 swamp worms
  2 glowing shapeshifter zombies
  4 acid dragons
  5 water moccasins
  Duvessa (D:4)
  A hydra simulacrum (Swamp:4)
  A naga zombie (Tomb:1)
  2 swamp drakes (Swamp:4)
  3 hell hounds (Lair:6)
  A hornet zombie (D:15)
  39 orc warriors
  3 black bears
  An ice beast (D:6)
  15 centaurs
  3 boggarts
  6 wolves
  16 ogres
  A lindwurm skeleton (Crypt:2)
  2 phantoms
  2 elf zombies (Elf:1)
  2 kobold brigands
  10 bullfrogs
  8 necrophages
  Blork the orc (D:4)
  2 gnoll sergeants
  A two-headed ogre simulacrum (IceCv)
  5 scorpions
  A naga simulacrum (Crypt:3)
  5 wights (D:7)
  Dowan (D:4)
  A queen bee zombie (Crypt:2)
  An elephant simulacrum (D:13)
  17 killer bees (D:9)
  7 howler monkeys
  4 lava snakes (Lair:6)
  5 hounds
  A quasit (Abyss:3)
  4 jellies
  11 orc priests
  7 iguanas
  23 orc wizards
  A scorpion zombie (Crypt:2)
  A spriggan simulacrum (D:13)
  7 polar bear simulacra
  3 troll simulacra (D:13)
  3 wolf simulacra (D:10)
  38 mummies
  8 gnolls
  6 adders
  A shadow imp (D:6)
  2 white imps
  5 ufetubi
  A lava snake skeleton (Crypt:1)
  2 worms
  4 dart slugs
  92 orcs
  4 bats
  6 endoplasms
  2 giant cockroaches
  6 hobgoblins
  12 quokkas
  9 ball pythons
  8 frilled lizards
  6 goblins
  20 kobolds
  5 rats
  2 river rat simulacra (D:10)
  A fire vortex (Hell)
  6 starspawn tentacles
1867 creatures vanquished.

Vanquished Creatures (collateral kills)
  A dread lich (Vaults:5)
  Mara (Spider:4)
  A royal mummy (Tomb:1)
  Bai Suzhen (Swamp:3)
  A golden dragon (Vaults:5)
  A profane servitor (Crypt:3)
  The ghost of Wenn the Imperceptible, a veteran SpEn of Dithmenos (Vaults:4)
  A titan (Vaults:5)
  2 deep elf master archers (Elf:3)
  14 acid blobs
  Asterion (Spider:1)
  3 quicksilver dragons (Vaults:5)
  An ancient champion (Tomb:1)
  A sphinx (Vaults:5)
  The ghost of Dasi the Gelid, an adept SpEn of Vehumet (Vaults:2)
  5 tengu reavers
  3 azure jellies
  2 storm dragons (Vaults:5)
  A thorn hunter (Swamp:4)
  Agnes (Spider:2)
  3 shadow dragons (Vaults:5)
  Roxanne (Spider:1)
  3 emperor scorpions
  2 fire giants (Vaults:5)
  2 frost giants (Vaults:5)
  5 rockslimes
  An iron dragon (Vaults:5)
  11 vault wardens
  2 deep elf sorcerers
  2 orc warlords (Vaults:1)
  15 ironbound preservers
  A ghoul (Crypt:3)
  2 broodmothers
  Louise (Swamp:2)
  A deep elf elementalist (Elf:3)
  4 quicksilver oozes
  4 war gargoyles
  A caustic shrike skeleton (Crypt:1)
  5 stone giants (Vaults:5)
  3 very ugly things
  Nessos (D:12)
  2 ironbound thunderhulks (Vaults:3)
  4 vampire knights
  2 deep elf demonologists (Elf:3)
  3 entropy weavers
  An eleionoma (shapeshifter) (Vaults:5)
  The ghost of Pileih the Spear-Bearer, a journeyman DsBe of Trog (Lair:4)
  8 dire elephants
  6 eleionomae
  3 deep elf annihilators
  An eidolon (Crypt:1)
  5 bunyips
  A fire dragon (Lair:6)
  4 jiangshi (Crypt:3)
  The ghost of Konu the Blocker, a journeyman TeCj of Vehumet (Lair:4)
  The ghost of Syac the Conjurer, a journeyman DsCj of Ashenzari (Lair:4)
  An ettin (Vaults:5)
  4 deep elf death magi
  2 shambling mangroves (Swamp:4)
  11 yaktaur captains
  2 deep elf high priests (Elf:3)
  2 great orbs of eyes
  25 vault guards
  The ghost of Fuumot the Fighter, a journeyman GrFi of the Shining One (Lair:4)
  A spectral shadow dragon (Vaults:4)
  8 boulder beetles
  A spectral tengu (Vaults:4)
  11 centaur warriors
  A death knight (Crypt:3)
  2 jorogumos
  10 hydras
  2 peacekeepers
  6 ironbound frosthearts
  A ghost crab (Swamp:2)
  A radroach (Spider:4)
  3 two-headed ogres
  9 alligators
  2 spectral stone giants (Vaults:4)
  A death yak (Lair:6)
  A deep troll earth mage (Vaults:5)
  9 dancing weapons
  8 death scarabs
  A spriggan berserker (Swamp:3)
  An orc high priest (Orc:2)
  4 hell knights (Vaults:5)
  3 deep elf knights
  A spriggan (Swamp:4)
  41 slime creatures
  Lodul (D:12)
  4 pharaoh ants
  7 skeletal warriors
  2 goliath frogs
  2 sun moths
  31 deep trolls
  An anaconda zombie (Crypt:2)
  3 steelbarb worms
  2 orb spiders
  2 spriggan druids
  3 deep elf archers
  11 phantasmal warriors
  A shadow demon (Abyss:3)
  6 swamp dragons
  2 bog bodies
  A spectral hydra (Swamp:4)
  A lindwurm (Vaults:2)
  5 necromancers
  5 flayed ghosts
  A wolf spider zombie (Crypt:1)
  6 orc knights
  A harpy (shapeshifter) (D:14)
  4 shining eyes
  2 wizards
  13 deep elf pyromancers
  13 wolf spiders
  A spectral ettin (Vaults:4)
  3 oklob plants
  8 ironbound convokers
  2 will-o-the-wisps (Swamp:3)
  8 deep elf zephyrmancers
  21 ugly things
  A manticore (D:15)
  A moth of wrath (Lair:1)
  2 orc sorcerers
  2 cyclopes
  3 elephants (Lair:2)
  A water nymph (shapeshifter) (Vaults:5)
  10 vault sentinels
  6 torpor snails
  5 black mambas
  A spectral elf (Vaults:4)
  A molten gargoyle (Lair:6)
  A naga mage (D:15)
  2 eyes of devastation
  6 demonic crawlers
  2 freezing wraiths (Vaults:5)
  A rime drake (Lair:2)
  An efreet (D:11)
  21 yaktaurs
  2 komodo dragons
  A hellwing (Abyss:3)
  A spectral glowing shapeshifter (Vaults:4)
  6 guardian mummies
  A spectral harpy (Crypt:3)
  3 meliai (Spider:1)
  A troll (D:11)
  4 death drake zombies (Swamp:4)
  2 tyrant leeches (Swamp:4)
  A hydra skeleton (Swamp:4)
  2 blink frogs (Abyss:3)
  A death drake skeleton (Swamp:4)
  11 hornets
  13 tarantellas
  A frost giant simulacrum (Vaults:4)
  An iron dragon simulacrum (Vaults:4)
  18 flying skulls
  A jumping spider (shapeshifter) (Vaults:5)
  22 jumping spiders
  A shadow (Crypt:3)
  6 yaks
  A starcursed mass (Abyss:3)
  A small abomination (Crypt:3)
  4 vampires
  4 wraiths
  8 culicivoras
  A water elemental (Elf:2)
  13 humans (D:14)
  A basilisk (Lair:6)
  A chaos spawn (Abyss:3)
  33 redbacks
  3 golden eyes
  5 vampire mosquitoes
  6 swamp worms
  3 large abominations
  4 wargs
  2 water moccasins
  2 hydra simulacra (Swamp:4)
  A hell hound (Lair:6)
  A floating eye (Slime:5)
  A demonspawn skeleton (Crypt:1)
  5 swamp drakes
  10 orc warriors
  7 ogres
  A boggart (Vaults:4)
  2 swamp dragon zombies (Swamp:4)
  11 centaurs
  6 wolves
  2 elf zombies (Elf:1)
  A rime drake skeleton (Crypt:2)
  A swamp dragon skeleton (Swamp:4)
  A fire crab zombie (Crypt:1)
  A scorpion (D:11)
  A necrophage (Crypt:3)
  4 bullfrogs
  A two-headed ogre simulacrum (D:13)
  A glowing shapeshifter simulacrum (Vaults:4)
  A lava snake (Lair:6)
  3 jellies (Lair:5)
  2 human zombies (Crypt:1)
  5 orc priests
  8 orc wizards
  An acid dragon zombie (Crypt:2)
  10 mummies
  A gnoll (shapeshifter) (Vaults:5)
  2 naga simulacra (D:13)
  20 orcs
  A frilled lizard zombie (Crypt:2)
  A bush (Lair:4)
  A lurking horror (Abyss:3)
  A plant (Swamp:4)
878 creatures vanquished.

Vanquished Creatures (others)
  9 orc warlords
  2 ancient champions (Tomb:3)
  An eldritch tentacle (Abyss:3)
  A deep elf elementalist (Elf:3)
  A deep elf death mage (Elf:3)
  An orc high priest (Elf:3)
  A dancing weapon (Hell)
  10 death scarabs (Tomb:3)
  8 orc knights
  A shadow wraith (Crypt:3)
  2 orc sorcerers
  A wizard (D:11)
  A cane toad (Lair:5)
  2 guardian mummies (Tomb:3)
  2 bloated husks
  2 water elementals
  23 orc warriors
  A howler monkey (D:7)
  9 orc priests
  14 orc wizards
  A mummy (Tomb:3)
  25 orcs
  4 ball lightnings (Elf:1)
  4 foxfires
  54 fungi
  58 plants
  4 starspawn tentacles
  5 tentacles (Hell)
247 creatures vanquished.

Grand Total: 2992 creatures vanquished

Notes
Turn   | Place    | Note
-------+----------+-------------------------------------------
     0 | D:1      | Malachi the Hill Orc Fighter began the quest for the Orb.
     0 | D:1      | Reached XP level 1. HP: 19/19 MP: 1/1
   125 | D:1      | Found Qaeplal's General Store.
   263 | D:1      | Reached XP level 2. HP: 19/26 MP: 2/2
   409 | D:1      | Found a faded altar of an unknown god.
  1023 | D:2      | Reached XP level 3. HP: 9/31 MP: 3/3
  1511 | D:2      | Reached skill level 5 in Axes
  1649 | D:2      | Reached XP level 4. HP: 39/39 MP: 4/4
  1949 | D:3      | Found a shimmering altar of Xom.
  2144 | D:3      | Found a glowing golden altar of the Shining One.
  2222 | D:3      | Noticed Grinder
  2229 | D:3      | Paralysed by Grinder for 3 turns
  2239 | D:3      | Killed Grinder
  2240 | D:3      | Reached XP level 5. HP: 13/45 MP: 5/5
  2240 | D:3      | Reached XP level 6. HP: 14/51 MP: 6/6
  2546 | D:3      | Found a glowing drain.
  2562 | Sewer    | Entered a sewer
  3328 | D:4      | Found Litoiguf's Fire Supplies.
  3371 | D:4      | Noticed Sigmund
  3382 | D:4      | Killed Sigmund
  3383 | D:4      | Reached skill level 10 in Axes
  3383 | D:4      | Reached XP level 7. HP: 54/57 MP: 7/7
  3520 | D:4      | Noticed Blork the orc
  3534 | D:4      | Killed Blork the orc
  3802 | D:4      | Noticed Duvessa
  3811 | D:4      | Noticed Dowan
  3827 | D:4      | Killed Duvessa
  3836 | D:4      | Killed Dowan
  4116 | D:4      | Reached XP level 8. HP: 64/64 MP: 8/8
  4539 | D:5      | Entered Level 5 of the Dungeon
  4755 | D:5      | Found Noasat's Serpentskin Sales.
  5736 | D:5      | Reached XP level 9. HP: 50/70 MP: 9/9
  6087 | D:6      | Reached skill level 15 in Axes
  6268 | D:6      | Noticed Edmund
  6282 | D:6      | Killed Edmund
  6296 | D:6      | Found a staircase to the Ecumenical Temple.
  6539 | D:6      | Reached skill level 5 in Fighting
  6882 | Temple   | Entered the Ecumenical Temple
  7827 | D:7      | Reached XP level 10. HP: 71/87 MP: 10/10
  7960 | D:7      | Identified the +8 chain mail "Gethraq" {Rampage Stlth+}
  8226 | D:7      | Found a shadowy altar of Dithmenos.
  8542 | D:4      | Bought a +0 cloak of fire resistance for 115 gold pieces
  8862 | D:8      | Found a stormy altar of Qazlal.
  8916 | D:8      | Became a worshipper of Beogh the Brigand
  9056 | D:8      | Found a sacrificial altar of Ru.
  9207 | D:9      | Found a hazy altar of Hepliaklqana.
  9269 | D:9      | Noticed a cyclops
  9281 | D:9      | Killed a cyclops
  9375 | D:9      | Found Cuwu's Jewellery Boutique.
  9433 | D:9      | Reached skill level 10 in Fighting
  9436 | D:9      | Reached skill level 5 in Armour
  9451 | D:9      | Reached * piety under Beogh
 10038 | D:10     | Entered Level 10 of the Dungeon
 10051 | D:10     | Noticed Snorg
 10063 | D:10     | Killed Snorg
 10074 | D:10     | Noticed Josephine
 10077 | D:10     | Reached ** piety under Beogh
 10078 | D:10     | Reached XP level 11. HP: 102/102 MP: 11/11
 10080 | D:10     | Killed Josephine
 10135 | D:10     | Noticed a necromancer
 10141 | D:10     | Killed a necromancer
 10355 | D:10     | Found a sparkling altar of Nemelex Xobeh.
 10644 | D:10     | Found a glowing silver altar of Zin.
 10684 | D:10     | Noticed a boulder beetle
 10696 | D:10     | Killed a boulder beetle
 10983 | D:11     | Identified the ring "Huiweam" {Fly Dex+3}
 11008 | D:11     | Noticed a cyclops
 11022 | D:11     | Killed a cyclops
 11059 | D:11     | Reached *** piety under Beogh
 11067 | D:11     | Noticed a centaur warrior
 11069 | D:11     | Noticed a boulder beetle
 11072 | D:11     | Reached skill level 10 in Armour
 11084 | D:11     | Killed a centaur warrior
 11085 | D:11     | Found a runed translucent gate.
 11085 | D:11     | Found a runed translucent gate.
 11099 | D:11     | Reached XP level 12. HP: 70/116 MP: 12/12
 11099 | D:11     | Found a runed translucent gate.
 11101 | D:11     | Noticed Sickboy's ghost (journeyman MiBe)
 11104 | D:11     | Found a roughly hewn altar of Beogh.
 11118 | D:11     | Killed Sickboy's ghost
 11242 | D:11     | Found a staircase to the Lair.
 11266 | D:11     | Found a staircase to the Orcish Mines.
 11277 | D:11     | Noticed a two-headed ogre
 11284 | D:11     | Killed a two-headed ogre
 11310 | D:11     | Noticed a two-headed ogre
 11315 | D:11     | Noticed an eight-headed hydra
 11322 | D:11     | Killed a two-headed ogre
 11327 | D:11     | Killed a four-headed hydra
 11425 | D:11     | Killed a boulder beetle
 11426 | D:11     | Reached skill level 15 in Fighting
 11549 | D:11     | Reached **** piety under Beogh
 11786 | Lair:1   | Entered Level 1 of the Lair of Beasts
 11837 | Lair:1   | Noticed a six-headed hydra
 11844 | Lair:1   | Killed a two-headed hydra
 12017 | Lair:1   | Found a transporter.
 12035 | Lair:1   | Noticed capka3m's ghost (journeyman TrMo)
 12111 | Lair:1   | Noticed an eight-headed hydra
 12113 | Lair:1   | Noticed a six-headed hydra
 12118 | Lair:1   | Killed a four-headed hydra
 12119 | Lair:1   | Reached skill level 1 in Invocations
 12129 | Lair:1   | Found a transporter.
 12183 | Lair:1   | Reached XP level 13. HP: 128/128 MP: 14/14
 12188 | Lair:1   | Killed capka3m's ghost
 12191 | Lair:1   | Reached skill level 5 in Invocations
 12192 | Lair:1   | Identified the +5 pair of gloves of Gehenna {rPois rF+
                  | Int+2}
 12197 | Lair:1   | Identified the +1 hat of the Circus Animal {Int+3 SInv}
 12847 | Lair:2   | Found a hide-covered altar of Uskayaw.
 12847 | Lair:2   | Found an ornate altar of the Wu Jian Council.
 13714 | Lair:3   | Found a hole to the Spider Nest.
 13783 | Lair:3   | You fall into a shaft and drop 1 floor!
 13826 | Lair:4   | Found a runed translucent gate.
 13826 | Lair:4   | Found a runed translucent gate.
 13867 | Lair:3   | Reached ***** piety under Beogh
 13885 | Lair:3   | Reached skill level 10 in Invocations
 14011 | Lair:3   | Noticed Fannar
 14017 | Lair:3   | Killed Fannar
 15115 | Lair:4   | Found a runed translucent gate.
 15167 | Lair:4   | Found a staircase to the Swamp.
 15235 | Lair:4   | Noticed Fuumot's ghost (journeyman GrFi)
 15235 | Lair:4   | Noticed Fuumot's ghost (journeyman GrFi)
 15235 | Lair:4   | Noticed Pileih's ghost (journeyman DsBe)
 15235 | Lair:4   | Noticed Konu's ghost (journeyman TeCj)
 15236 | Lair:4   | Noticed Syac's ghost (journeyman DsCj)
 15701 | Lair:5   | Reached XP level 14. HP: 137/137 MP: 24/24
 15742 | Lair:5   | Gained Murdo as an ally
 15743 | Lair:5   | Gained Bladwarg as an ally
 15773 | Lair:5   | Found a staircase to the Slime Pits.
 15935 | Lair:4   | Killed Fuumot's ghost
 15938 | Lair:4   | Killed Konu's ghost
 15945 | Lair:4   | Killed Syac's ghost
 15945 | Lair:4   | Killed Fuumot's ghost
 15946 | Lair:4   | Reached skill level 15 in Invocations
 15947 | Lair:4   | Killed Pileih's ghost
 16419 | Lair:6   | Entered Level 6 of the Lair of Beasts
 16705 | Lair:6   | Found a large runed translucent door.
 16955 | Lair:6   | Found a large runed translucent door.
 17263 | Orc:1    | Entered Level 1 of the Orcish Mines
 17579 | Orc:2    | Entered Level 2 of the Orcish Mines
 17598 | Orc:2    | Reached ****** piety under Beogh
 17705 | Orc:2    | Found a staircase to the Elven Halls.
 17756 | Orc:2    | Found Ciumadghoja's Jewellery Shop.
 17757 | Orc:2    | Gained Wulfoc as an ally
 17764 | Orc:2    | Found Juarem's Book Emporium.
 17764 | Orc:2    | Found Fodam's Magic Scroll Boutique.
 17767 | Orc:2    | Gained Oruk as an ally
 17769 | Orc:2    | Found Asafes's Antique Armour Shoppe.
 17806 | Orc:2    | Bought a scroll of enchant weapon for 105 gold pieces
 17806 | Orc:2    | Bought a scroll of teleportation for 42 gold pieces
 17806 | Orc:2    | Bought a scroll of fear for 56 gold pieces
 17813 | Orc:2    | Bought polished quicksilver dragon scales for 1495 gold
                  | pieces
 17813 | Orc:2    | Identified the quicksilver dragon scales of the Bard {Fly
                  | Will+ Str+4} (You bought it in a shop on level 2 of the
                  | Orcish Mines)
 18190 | D:11     | Gained Bogbrand as an ally
 18538 | D:12     | Noticed Lodul
 18548 | D:12     | Killed Lodul
 18587 | D:12     | Noticed Nessos
 18595 | D:12     | Killed Nessos
 18987 | D:13     | Found a frozen archway.
 19017 | IceCv    | Entered an ice cave
 19150 | IceCv    | Reached skill level 5 in Shields
 19150 | IceCv    | Reached XP level 15. HP: 144/144 MP: 28/28
 19657 | IceCv    | Gained Bogmar as an ally
 20536 | Orc:2    | Bought a tower shield for 103 gold pieces
 20737 | D:14     | Found a gate to the Vaults.
 20746 | D:14     | Gained Geork as an ally
 20756 | D:14     | Your ally Wulfoc died
 20847 | D:14     | Found Kalihy's Blood Bar.
 20896 | D:14     | Gained Arbolt as an ally
 20916 | D:14     | Reached skill level 10 in Shields
 21253 | D:14     | Found a portal to a secret trove of treasure.
 21544 | D:15     | Entered Level 15 of the Dungeon
 21943 | D:15     | Found a staircase to the Depths.
 22068 | Abyss:3  | Cast into level 3 of the Abyss (a wizard)
 22179 | Abyss:3  | Gained Borgk as an ally
 22207 | Abyss:3  | Noticed a balrug
 22211 | Abyss:3  | Killed a balrug
 22223 | Abyss:3  | Gained Bogbrand as an ally
 22229 | Abyss:3  | Your ally Bogbrand died
 22284 | Abyss:3  | Found a corrupted altar of Lugonu.
 22290 | Abyss:3  | Reached XP level 16. HP: 144/151 MP: 23/30
 22298 | Abyss:3  | Your ally Borgk died
 22346 | Abyss:3  | Noticed a tentacled monstrosity
 22355 | Abyss:3  | Gained mutation: You occasionally lose the ability to drink
                  | potions when taking damage. [a neqoxec]
 22365 | Abyss:3  | Killed a tentacled monstrosity
 22370 | D:15     | Escaped the Abyss
 22999 | Spider:1 | Entered Level 1 of the Spider Nest
 23003 | Spider:1 | Gained Murdo as an ally
 23022 | Spider:1 | Noticed Asterion
 23032 | Spider:1 | Killed Asterion
 23206 | Spider:1 | Identified Roxanne's Precepts of Transfiguration
 23206 | Spider:1 | Noticed Roxanne
 23218 | Spider:1 | Killed Roxanne
 23310 | Spider:1 | Gained Geork as an ally
 23490 | Spider:1 | You fall into a shaft and drop 1 floor!
 24032 | Spider:2 | Identified the ring of Charity {+Blink rCorr EV+4 Str-3
                  | Stlth+}
 24542 | Spider:2 | Identified the +2 hat of Poor Excuses {Will+ Str+4}
 25194 | Spider:2 | Killed Agnes
 25729 | Spider:3 | Your ally Bogmar died
 25914 | Spider:3 | Your ally Murdo died
 27213 | Spider:4 | Entered Level 4 of the Spider Nest
 27236 | Spider:4 | Noticed Mara
 27238 | Spider:4 | Noticed Malachi's illusion
 27247 | Spider:4 | Killed Mara
 27535 | Spider:4 | Reached XP level 17. HP: 158/158 MP: 7/33
 27963 | Spider:4 | Identified the +2 pair of gloves "Yrphu" {Int+5 Dex-5
                  | Stlth+}
 27979 | Spider:4 | Identified the +2 hat of Devotion {-Tele Rampage rC+ Dex+7}
 28000 | Spider:4 | Got a gossamer rune of Zot
 28423 | Spider:4 | Identified the +8 trident "Tuttibb" {flame, rElec rPois}
 28623 | Swamp:1  | Entered Level 1 of the Swamp
 28649 | Swamp:1  | Noticed a tentacled monstrosity
 28660 | Swamp:1  | Killed a tentacled monstrosity
 29237 | Swamp:2  | Noticed Louise
 29256 | Swamp:2  | Killed Louise
 29264 | Swamp:2  | Reached skill level 27 in Invocations
 29843 | Swamp:3  | Noticed Bai Suzhen
 29848 | Swamp:3  | Killed Bai Suzhen
 30417 | Swamp:3  | Reached XP level 18. HP: 110/170 MP: 35/35
 30535 | Swamp:4  | Entered Level 4 of the Swamp
 30573 | Swamp:4  | Gained Warrok as an ally
 30779 | Swamp:4  | Your ally Bladwarg died
 30792 | Swamp:4  | Found a blossoming altar of Fedhas.
 30848 | Swamp:4  | Found a basalt altar of Yredelemnul.
 30902 | Swamp:4  | Got a decaying rune of Zot
 31384 | Vaults:1 | Entered Level 1 of the Vaults
 31437 | Vaults:1 | Found Vourr's Distillery.
 31444 | Vaults:1 | Bought a potion of heal wounds for 80 gold pieces
 32107 | Vaults:1 | Your ally Bladwarg died
 32118 | Vaults:1 | HP: 1/180 [orc knight/+1 bardiche of protection (26)]
 32711 | Vaults:1 | Reached XP level 19. HP: 137/191 MP: 36/36
 33525 | Vaults:2 | Found a staircase to the Crypt.
 33989 | Vaults:2 | Found a large runed translucent door.
 33989 | Vaults:2 | Found a large runed translucent door.
 33990 | Vaults:2 | Noticed Dasi's ghost (adept SpEn)
 34202 | Vaults:2 | Killed Dasi's ghost
 34344 | Vaults:3 | Reached skill level 15 in Armour
 34727 | Vaults:3 | Found Qonur's Weapon Shoppe.
 34737 | Vaults:3 | Noticed Jory
 34742 | Vaults:3 | Killed Jory
 34877 | Vaults:3 | You fall into a shaft and drop 1 floor!
 35631 | Vaults:4 | Found a runed translucent gate.
 35632 | Vaults:4 | Found a runed translucent gate.
 35632 | Vaults:4 | Found a runed translucent gate.
 35771 | Vaults:4 | Reached XP level 20. HP: 178/200 MP: 37/37
 36088 | Vaults:4 | Noticed Wenn's ghost (veteran SpEn)
 36099 | Vaults:4 | Killed Wenn's ghost
 36320 | Vaults:3 | Noticed Sojobo
 36325 | Vaults:3 | Killed Sojobo
 37654 | D:14     | You paid a toll of 7 scrolls of blinking to enter a
                  | treasure trove
 37655 | Trove    | Entered a treasure trove
 37657 | Trove    | Found the +8 mithril axe "Arga" {speed, Will+}
 37675 | Trove    | Identified the +3 arbalest of Yxur {penet, Int+2 Dex+4}
 37676 | Trove    | Identified the +3 executioner's axe of the Boar {flame,
                  | Int+6}
 37685 | Trove    | Identified the +10 short sword "Wylapn" {protect, rCorr
                  | Dex+5}
 37687 | Trove    | Identified the +5 broad axe of Internal Strife {chaos,
                  | Str+2}
 37932 | Vaults:5 | Entered Level 5 of the Vaults
 37942 | Vaults:5 | Noticed a dread lich
 37950 | Vaults:5 | Your ally Geork died
 37960 | Vaults:5 | Killed a dread lich
 37960 | Vaults:5 | Noticed a dread lich
 37960 | Vaults:5 | Your ally Warrok died
 37963 | Vaults:5 | Killed a dread lich
 37971 | Vaults:5 | Noticed a golden dragon
 37972 | Vaults:5 | Found Zogeim's Jewellery Shoppe.
 37972 | Vaults:5 | Found Gill's Magic Scroll Shop.
 37972 | Vaults:5 | Noticed an ancient lich
 37981 | Vaults:5 | Your ally Arbolt died
 38005 | Vaults:5 | Killed an ancient lich
 38005 | Vaults:5 | Your ally Oruk died
 38012 | Vaults:5 | Your ally Geork died
 38043 | Vaults:5 | HP: 4/186 [tengu reaver/bolt of negative energy (48)]
 38092 | Vaults:5 | Found Mutaa's Jewellery Shop.
 38118 | Vaults:5 | Noticed an ancient lich
 38125 | Vaults:5 | Killed an ancient lich
 38211 | Vaults:5 | Killed a golden dragon
 38260 | Vaults:5 | Identified the +2 chain mail of Reocupo {rPois Regen+ Str-3
                  | Dex-2}
 38270 | Vaults:5 | Reached XP level 21. HP: 143/207 MP: 38/38
 38324 | Vaults:5 | Bought the ring of Polytheism {rPois rC+ Will+ rCorr} for
                  | 663 gold pieces
 38733 | Vaults:5 | Got a silver rune of Zot
 39321 | Vaults:5 | Noticed a golden dragon
 39327 | Vaults:5 | Killed a golden dragon
 39432 | Vaults:5 | Identified the ring of Plog {rPois MP+9 Str-4 Stlth+}
 39606 | Vaults:5 | Found Weovis's Antique Weapon Emporium.
 39706 | Vaults:4 | Lost mutation: You occasionally lose the ability to drink
                  | potions when taking damage. [potion of mutation]
 39706 | Vaults:4 | Gained mutation: Potions are less effective at restoring
                  | your health. [potion of mutation]
 39706 | Vaults:4 | Gained mutation: You are frail. (-10% HP) [potion of
                  | mutation]
 39707 | Vaults:4 | Lost mutation: You are frail. (-10% HP) [potion of
                  | mutation]
 39707 | Vaults:4 | Lost mutation: Potions are less effective at restoring your
                  | health. [potion of mutation]
 39707 | Vaults:4 | Gained mutation: You are strong-willed. (Will+) [potion of
                  | mutation]
 39997 | Elf:1    | Entered Level 1 of the Elven Halls
 40049 | Elf:1    | Paralysed by an air elemental for 1 turns
 40125 | Elf:1    | Noticed Aizul
 40142 | Elf:1    | Killed Aizul
 40390 | Elf:1    | Found Xifaored's Armour Shop.
 40490 | Elf:1    | Got the Grimoire of Darkness
 41075 | Elf:2    | Found Coev's General Store.
 41094 | Elf:2    | Bought a scroll of silence for 152 gold pieces
 41095 | Elf:2    | Bought a potion of might for 64 gold pieces
 41101 | Elf:2    | Found Poriutamm's Book Boutique.
 41350 | Elf:2    | Found a runed translucent gate.
 41350 | Elf:2    | Found a runed translucent gate.
 41350 | Elf:2    | Found a runed translucent gate.
 41375 | Elf:2    | Found Hymunke's General Store.
 41396 | Elf:2    | Bought a scroll of silence for 123 gold pieces
 42083 | Elf:3    | Entered Level 3 of the Elven Halls
 42352 | Elf:3    | Found the +15 Maxwell's patent armour {-Cast -Tele rElec
                  | Will+ rCorr}
 42467 | Elf:3    | Reached XP level 22. HP: 147/224 MP: 39/39
 43322 | Elf:3    | Identified the ring of Biwim {Drain rPois rC+ Int+3}
 43396 | Elf:3    | Identified the +0 ring mail of the Cockroach {rPois Will+++
                  | Dex+4 Stlth-}
 43396 | Elf:3    | Identified the +1 robe of Trumpets {rF+}
 43413 | Elf:3    | Identified the +9 mace of Instant Death {vorpal, rElec
                  | Str+5}
 43413 | Elf:3    | Identified the +0 leather armour of Meditem {rPois rC+
                  | Stlth+}
 43416 | Elf:3    | Identified the +3 chain mail "Suekao" {Rampage}
 43700 | Elf:3    | Identified the +0 buckler of Springtime {Str+3}
 44169 | Slime:1  | Entered Level 1 of the Pits of Slime
 44304 | Slime:3  | Gained mutation: You are occasionally teleported next to
                  | monsters. [a shining eye]
 44308 | Slime:3  | Gained mutation: Your magical capacity is low. (-10% MP) [a
                  | shining eye]
 44340 | Slime:3  | Lost mutation: Your magical capacity is low. (-10% MP)
                  | [potion of mutation]
 44340 | Slime:3  | Lost mutation: You are occasionally teleported next to
                  | monsters. [potion of mutation]
 44340 | Slime:3  | Gained mutation: You are highly strong-willed. (Will++)
                  | [potion of mutation]
 44340 | Slime:3  | Gained mutation: You occasionally shout uncontrollably at
                  | your foes. [potion of mutation]
 44340 | Slime:3  | Gained mutation: You have hidden genetic potential. [potion
                  | of mutation]
 44340 | Slime:3  | Gained mutation: You are agile. (Dex +4, Str/Int -1)
                  | [potion of mutation]
 44370 | Slime:5  | Entered Level 5 of the Pits of Slime
 44390 | Slime:5  | Lost mutation: You are agile. (Dex +4, Str/Int -1) [a
                  | shining eye]
 44560 | Slime:5  | Noticed the Royal Jelly
 44579 | Slime:5  | Killed the Royal Jelly
 44584 | Slime:5  | Your ally Arbolt died
 44819 | Slime:5  | Identified the ring of Ziphu {Wiz MP-9 Str+6 Slay+3}
 44848 | Slime:5  | Got the Spellbook of Singed Enchantment
 44851 | Slime:5  | Identified the amulet "Vilolufu" {rF+ Regen+ Stlth+}
 44865 | Slime:5  | Got a slimy rune of Zot
 44874 | Slime:5  | Identified the +11 trident of Babo {speed, Will+}
 45015 | Slime:2  | Gained mutation: Potions are less effective at restoring
                  | your health. [a shining eye]
 45020 | Slime:2  | Lost mutation: You are highly strong-willed. (Will++)
                  | [potion of mutation]
 45020 | Slime:2  | Lost mutation: Potions are less effective at restoring your
                  | health. [potion of mutation]
 45020 | Slime:2  | Gained mutation: Your mind is acute. (Int +4, Str/Dex -1)
                  | [potion of mutation]
 45020 | Slime:2  | Gained mutation: You passively dampen the noise of your
                  | surroundings. [potion of mutation]
 45337 | Vaults:5 | Bought the amulet "Aribian" {Reflect *Slow rC+ Str+4 Int+4
                  | SH+5} for 772 gold pieces
 45455 | Vaults:3 | Bought the +7 lajatang of Order {silver, rMut} for 1189
                  | gold pieces
 45455 | Vaults:3 | Found the +7 lajatang of Order {silver, rMut}
 45459 | Vaults:3 | Lost mutation: You are strong-willed. (Will+) [potion of
                  | mutation]
 45459 | Vaults:3 | Lost mutation: You occasionally shout uncontrollably at
                  | your foes. [potion of mutation]
 45459 | Vaults:3 | Lost mutation: Your mind is acute. (Int +4, Str/Dex -1)
                  | [potion of mutation]
 45459 | Vaults:3 | Gained mutation: Your body sometimes deteriorates upon
                  | taking damage. [potion of mutation]
 45461 | Vaults:3 | Lost mutation: You passively dampen the noise of your
                  | surroundings. [potion of mutation]
 45461 | Vaults:3 | Lost mutation: Your body sometimes deteriorates upon taking
                  | damage. [potion of mutation]
 45576 | Crypt:1  | Entered Level 1 of the Crypt
 45637 | Crypt:1  | Reached skill level 1 in Staves
 46410 | Crypt:2  | Your ally Bogbrand died
 46757 | Crypt:2  | Reached skill level 5 in Staves
 46887 | Crypt:2  | Reached XP level 23. HP: 238/238 MP: 40/40
 46981 | Crypt:2  | Noticed Goac's ghost (veteran MiBe)
 47027 | Crypt:2  | Noticed Vv
 47059 | Crypt:2  | Killed Vv
 47362 | Crypt:2  | Found a transporter.
 47366 | Crypt:2  | Found a transporter.
 47536 | Crypt:2  | Identified the +9 spear of Hatred {vamp, rCorr Int+4}
 47679 | Crypt:3  | Entered Level 3 of the Crypt
 48095 | Crypt:3  | Found a basalt altar of Yredelemnul.
 48718 | Crypt:3  | Identified the ring of Midwinter {Fly rF+ rCorr Str+4}
 48719 | Crypt:3  | Identified the +0 leather armour "Gaihaur" {Slay+2}
 48789 | Crypt:3  | Gained mutation: Your mind is acute. (Int +4, Str/Dex -1)
                  | [hidden potential]
 48803 | Crypt:3  | Reached skill level 10 in Staves
 48888 | Crypt:3  | Got the Incunabulum of Wicked Rites
 48950 | Crypt:3  | Found a staircase to the Tomb.
 48950 | Crypt:3  | Found the +10 zealot's sword {holy, *Rage rN+ EV+3}
 48950 | Crypt:3  | Noticed a dread lich
 48952 | Crypt:3  | Killed a dread lich
 48974 | Crypt:3  | Identified the ring of Iqip {rN+ Str+8 Int-3 SInv}
 48974 | Crypt:3  | Identified the ring of Ceimm {rN+ rCorr MP+9 Str+2}
 48974 | Crypt:3  | Identified the ring of Contentment {rN+ Int+3 Dex+8 Slay-2}
 49055 | Tomb:1   | Entered Level 1 of the Tomb of the Ancients
 49771 | Tomb:1   | Noticed a royal mummy
 49792 | Tomb:1   | HP: 5/238 [something (16)]
 49794 | Tomb:1   | Your ally Murdo died
 49797 | Tomb:1   | Killed a royal mummy
 49798 | Tomb:1   | HP: 10/238 [death scarab (2)]
 50191 | Tomb:1   | Noticed a royal mummy
 50431 | Tomb:1   | Killed a royal mummy
 51196 | D:3      | Fell from the grace of Beogh
 51196 | D:3      | Became a worshipper of the Shining One
 51452 | Depths:1 | Entered Level 1 of the Depths
 51553 | Depths:1 | Reached * piety under the Shining One
 51726 | Depths:1 | Found a gateway to Hell.
 51752 | Depths:1 | Reached ** piety under the Shining One
 51776 | Depths:1 | Reached XP level 24. HP: 244/246 MP: 40/40
 51852 | Depths:1 | Reached *** piety under the Shining One
 52651 | Depths:1 | Reached skill level 27 in Fighting
 52652 | Depths:1 | Reached skill level 1 in Maces & Flails
 52668 | Depths:1 | Found a runed translucent door.
 52671 | Depths:1 | Found a radiant altar of Vehumet.
 52671 | Depths:1 | Noticed an ancient lich
 52681 | Depths:1 | Killed an ancient lich
 52704 | Depths:1 | Got the Collected Works on Battling
 52841 | Depths:2 | Reached **** piety under the Shining One
 52858 | Depths:2 | Noticed the Enchantress
 53165 | Depths:2 | Found a hide-covered altar of Uskayaw.
 53236 | Depths:2 | Found a one-way gateway to a ziggurat.
 53345 | Depths:2 | Killed the Enchantress
 53347 | Depths:2 | Reached skill level 5 in Maces & Flails
 53538 | Depths:2 | You fall into a shaft and drop 1 floor!
 53545 | Depths:3 | Reached ***** piety under the Shining One
 53554 | Depths:3 | Found Unkizus's Assorted Antiques.
 54013 | Depths:2 | Found a shadowy altar of Dithmenos.
 54155 | Depths:2 | Noticed Grunn
 54180 | Depths:2 | Killed Grunn
 54343 | Depths:2 | Found a one-way gate leading to the halls of Pandemonium.
 54777 | Depths:2 | Found the +2 hat of the Bear Spirit {Spirit, *Rage Will++}
 54928 | Depths:3 | Bought a potion of heal wounds for 190 gold pieces
 55231 | Depths:3 | Found an ancient bone altar of Kikubaaqudgha.
 55370 | Depths:3 | Found a bloodstained altar of Trog.
 55378 | Depths:3 | Found a one-way gate to the infinite horrors of the Abyss.
 55385 | Depths:3 | Found Raep's Antique Armour Boutique.
 55445 | Depths:3 | Found Xaqimi's Assorted Antiques.
 55462 | Depths:3 | Reached XP level 25. HP: 213/257 MP: 40/40
 55482 | Depths:3 | Bought a scroll of fear for 152 gold pieces
 55995 | Depths:3 | Found Finkuz's Book Shoppe.
 56180 | Depths:4 | Entered Level 4 of the Depths
 56463 | Depths:4 | Reached skill level 10 in Maces & Flails
 56757 | Depths:4 | Identified the amulet of Beypeff {Faith Drain Int+7}
 56877 | Depths:4 | Reached ****** piety under the Shining One
 56895 | Depths:4 | Found a gate to the Realm of Zot.
 57176 | Depths:4 | Noticed Parghit
 57221 | Depths:4 | Killed Parghit
 57584 | Depths:4 | Gained mutation: You have a somewhat thin skeletal
                  | structure. (Dex +2, Stealth+) [hidden potential]
 57584 | Depths:4 | Lost mutation: You have hidden genetic potential. [hidden
                  | potential expressed]
 58470 | Hell     | Entered the Vestibule of Hell
 58470 | Hell     | Noticed Geryon
 58522 | Hell     | Killed Geryon
 58686 | Hell     | Found a gateway to the freezing wastes of Cocytus.
 58778 | Hell     | Found a gateway to the decaying netherworld of Tartarus.
 58938 | Hell     | Found a gateway to the ashen valley of Gehenna.
 59048 | Hell     | Found a gateway to the Iron City of Dis.
 59178 | Depths:3 | Identified a +9 executioner's axe of holy wrath (a +9
                  | executioner's axe of electrocution blessed by the Shining
                  | One)
 59178 | Depths:3 | Received a gift from the Shining One
 59234 | Depths:3 | Voluntarily entered the Abyss.
 59472 | Abyss:4  | Paralysed by accursed screaming for 1 turns
 59475 | Abyss:4  | Paralysed by accursed screaming for 2 turns
 59518 | Abyss:5  | Reached XP level 26. HP: 266/266 MP: 40/40
 59605 | Abyss:5  | Got an abyssal rune of Zot
 59625 | Depths:3 | Escaped the Abyss
 60181 | Tomb:2   | Reached skill level 27 in Armour
 60181 | Tomb:2   | Noticed a royal mummy
 60181 | Tomb:2   | Noticed a royal mummy
 60181 | Tomb:2   | Noticed a royal mummy
 60182 | Tomb:2   | Noticed a royal mummy
 60183 | Tomb:2   | Noticed a royal mummy
 60190 | Tomb:2   | Killed a royal mummy
 60190 | Tomb:2   | Killed a royal mummy
 60191 | Tomb:2   | Reached skill level 15 in Maces & Flails
 60191 | Tomb:2   | Killed a royal mummy
 60194 | Tomb:2   | Killed a royal mummy
 60194 | Tomb:2   | HP: 11/266 [torment (3)]
 60195 | Tomb:2   | Killed a royal mummy
 60680 | Tomb:1   | Noticed a royal mummy
 60683 | Tomb:1   | Killed a royal mummy
 60694 | Tomb:1   | Noticed a royal mummy
 60705 | Tomb:1   | Killed a royal mummy
 60771 | Tomb:1   | Noticed a royal mummy
 60772 | Tomb:1   | Noticed a royal mummy
 60780 | Tomb:1   | Killed a royal mummy
 60782 | Tomb:1   | Noticed a royal mummy
 60783 | Tomb:1   | Killed a royal mummy
 60787 | Tomb:1   | Noticed a royal mummy
 60793 | Tomb:1   | Killed a royal mummy
 60807 | Tomb:1   | Killed a royal mummy
 61149 | Tomb:1   | Noticed a royal mummy
 61157 | Tomb:1   | Killed a royal mummy
 61277 | Tomb:1   | Noticed a royal mummy
 61283 | Tomb:1   | Killed a royal mummy
 61572 | Tomb:1   | Noticed a royal mummy
 61574 | Tomb:1   | Noticed a royal mummy
 61576 | Tomb:1   | Noticed a royal mummy
 61577 | Tomb:1   | Noticed a royal mummy
 61580 | Tomb:1   | Killed a royal mummy
 61582 | Tomb:1   | Killed a royal mummy
 61583 | Tomb:1   | Killed a royal mummy
 61583 | Tomb:1   | Noticed a royal mummy
 61588 | Tomb:1   | Killed a royal mummy
 62119 | Tomb:1   | Noticed a royal mummy
 62124 | Tomb:1   | Killed a royal mummy
 62142 | Tomb:1   | Killed a royal mummy
 62207 | Tomb:1   | Noticed a royal mummy
 62210 | Tomb:1   | Noticed a royal mummy
 62213 | Tomb:1   | Killed a royal mummy
 62221 | Tomb:1   | Killed a royal mummy
 62383 | Tomb:1   | Noticed a royal mummy
 62388 | Tomb:1   | Killed a royal mummy
 62574 | Tomb:1   | Noticed a royal mummy
 62579 | Tomb:1   | Killed a royal mummy
 62825 | Tomb:1   | Noticed a royal mummy
 62834 | Tomb:1   | Killed a royal mummy
 62885 | Tomb:1   | Noticed a royal mummy
 62891 | Tomb:1   | Killed a royal mummy
 62906 | Tomb:1   | Noticed a royal mummy
 62916 | Tomb:1   | Killed a royal mummy
 63177 | Tomb:1   | Noticed a royal mummy
 63195 | Tomb:1   | Killed a royal mummy
 63308 | Tomb:2   | Reached XP level 27. HP: 243/273 MP: 40/40
 63505 | Tomb:2   | Gained mutation: Your spells are a little easier to cast,
                  | but a little less powerful. [mutagenic glow]
 63533 | Tomb:2   | Gained mutation: You do not regenerate when monsters are
                  | visible. [mutagenic glow]
 63637 | Tomb:3   | Entered Level 3 of the Tomb of the Ancients
 63643 | Tomb:3   | Noticed a dread lich
 63646 | Tomb:3   | Noticed a royal mummy
 63646 | Tomb:3   | Noticed a royal mummy
 63647 | Tomb:3   | Noticed Mennas
 63651 | Tomb:3   | Killed a dread lich
 63653 | Tomb:3   | Noticed a royal mummy
 63653 | Tomb:3   | Noticed a royal mummy
 63653 | Tomb:3   | Lost mutation: Your mind is acute. (Int +4, Str/Dex -1)
                  | [mutagenic glow]
 63655 | Tomb:3   | Noticed a royal mummy
 63658 | Tomb:3   | Killed a royal mummy
 63658 | Tomb:3   | Killed a royal mummy
 63658 | Tomb:3   | Noticed a royal mummy
 63659 | Tomb:3   | Noticed a royal mummy
 63660 | Tomb:3   | HP: 3/273 [mummy priest/divine providence (11)]
 63660 | Tomb:3   | The Shining One protects you from harm!
 63661 | Tomb:3   | Killed from afar by a royal mummy

Illustrated notes

Levels and vault maps discovered:
D:1:      psy_arrival_statuary, layout_loops_ring, serial_shops, shop_statue,
          ebering_ecumenical_altar_petrified
D:2:      layout_loops_ring
D:3:      layout_loops_ring, nicolae_overflow_crystal_walls, xom_teletrap_fun,
          gup_sewer_entry_pipe, uniq_grinder
D:4:      layout_basic, serial_curves, eino_curves_03, eino_curves_03,
          nicolae_shop_fire_sale [nicolae_sub_dead_trees], uniq_duvessa,
          uniq_sigmund, uniq_blork_the_orc
D:5:      kennysheep_spiral_hall, layout_cave_pools, guppyfry_shop_venom
D:6:      kennysheep_six_static_rooms, layout_loops_ring,
          minmay_temple_entry_purple_smoke, minmay_fractal_squares_gapless_5,
          uniq_edmund
D:7:      layout_basic, lemuel_coloured_pillars_altar
D:8:      layout_basic, nicolae_ru_path_of_blood,
          mainiacjoe_overflow_cross_hatched
D:9:      layout_gridville, worldfamousw_hep_ancestral_shrine, serial_shops,
          shop, minivault_7
D:10:     layout_irregular_city, nicolae_overflow_hidden_temple,
          zin_scriptorium, eino_house_with_fridge, uniq_snorg, uniq_josephine
D:11:     minmay_quarter_circles, layout_gridville,
          grunt_lair_entry_orc_guard_hut, orc_0_dummy,
          biasface_ghost_orc_armoury, corner_web_ring
D:12:     layout_roguey, uniq_lodul, uniq_nessos
D:13:     layout_basic, portal_ice_cave_entry_ice_simulacra
D:14:     layout_roguey, david_vaults_3, enter_trove_3, minivault_23,
          guppyfry_shop_blood
D:15:     grunt_enter_depths_magical_seal, layout_basic, nicolae_titane,
          roderic_serpentine_path
Temple:   eino_temple_water
Lair:1:   layout_long_grid, gammafunk_ghost_berserking_beasts
Lair:2:   layout_cave_pods, nzn_masters_of_martial_movement, grunt_megastairs_3
Lair:3:   layout_loops_ring, spider_nest_entry_a, st_stairs_13,
          fungi_pond_lemuel, minmay_shattered_shrine, uniq_fannar
Lair:4:   layout_regular_city, palyth_hydra_swamp_entry,
          gammafunk_ghost_cemetery, serial_bayou_crossing
Lair:5:   layout_gridlike, nicolae_slime_entry_slimehenge,
          infiniplex_staircase_pool_2
Lair:6:   cheibrodos_lair_end_hotspot, layout_loops_ring
Swamp:1:  layout_falls_marsh, nicolae_swamp_bean_lake, swamp_pool4,
          nicolae_swamp_alligator_family
Swamp:2:  layout_basic_swamp, evilmike_swamp_ruin_house_3, swamp_pool4,
          uniq_louise
Swamp:3:  cheibrodos_swamp_heart_of_darkness, layout_basic_swamp,
          evilmike_swamp_ruin_house_1, swamp_pool1, uniq_bai_suzhen
Swamp:4:  byrel_swamp_growth_death_and_undeath, layout_basic_swamp, swamp_pool1
Spider:1: layout_spider_delve, uniq_asterion, uniq_roxanne
Spider:2: layout_chambers, hellmonk_motheaten_closet, uniq_agnes
Spider:3: nicolae_spider_hilbert_zone_3 [nicolae_spider_hilbert_4_sides_2_open,
          nicolae_spider_hilbert_3_sides_1_open,
          nicolae_spider_hilbert_3_sides_1_open,
          nicolae_spider_hilbert_3_sides_1_open,
          nicolae_spider_hilbert_3_sides_1_open,
          nicolae_spider_hilbert_4_sides_1_open,
          nicolae_spider_hilbert_4_sides_1_open,
          nicolae_spider_hilbert_4_sides_1_open,
          nicolae_spider_hilbert_4_sides_1_open,
          nicolae_spider_hilbert_4_sides_1_open,
          nicolae_spider_hilbert_4_sides_1_open,
          nicolae_spider_hilbert_4_sides_1_open,
          nicolae_spider_hilbert_4_sides_1_open,
          nicolae_spider_hilbert_3_sides_1_open,
          nicolae_spider_hilbert_3_sides_1_open,
          nicolae_spider_hilbert_3_sides_1_open,
          nicolae_spider_hilbert_3_sides_1_open]
Spider:4: spider_rune_water, uniq_mara
Slime:1:  layout_caves
Slime:2:  layout_caves
Slime:3:  layout_caves
Slime:4:  cheibrodos_slime_lost_civilization_3, layout_caves,
          nicolae_slime_barrier
Slime:5
Orc:1:    layout_caves
Orc:2:    st_orc_rangers, layout_diamond_mine
Elf:1:    elf_arrival_001, layout_geoelf_grid, serial_shops, shop_coins,
          serial_aquarium, aquarium_bridge_straight [aquarium_subvault_bridge,
          aquarium_subvault_balcony, aquarium_subvault_bridge,
          aquarium_subvault_wall], aquarium_window_fake, aquarium_window_fake,
          aquarium_window_2, aquarium_window_fake, aquarium_view_2e,
          aquarium_balcony_double_1, aquarium_pool_1, minmay_elf_necromancy,
          kb_rosetta, uniq_aizul
Elf:2:    elven_hall_of_blades_hangedman_original [nicolae_blade_bullseye],
          layout_geoelf_octagon, serial_shops, nicolae_shop_trees, shop,
          nicolae_square_shop, drop_trap
Elf:3:    minmay_elf_hall_curves, layout_onion_city, grunt_ministairs_8
Vaults:1: nicolae_vaults_lopsided_apartments, nicolae_vaults_big_ls,
          hangedman_vaults_stream, v_misc_4, nicolae_vaults_alarming,
          layout_vaults_omnigrid, serial_shops, shop
Vaults:2: ebering_ghost_disaster_area, v_misc_32, ontoclasm_vaults_ring_square,
          v_misc_2, minmay_crypt_entry_vampire_xt, nicolae_vaults_angled_halls,
          vaults_room_fours, hangedman_vaults_locks, hangedman_vaults_snaps,
          vaults_room_door_ring, vaults_room_grid, vaults_room_pool,
          grunt_vaults_focal, vaults_room_stairs_pillars, layout_vaults_ring
Vaults:3: v_pattern_5, v_alt_pattern_3, vaults_mumra_minichess, v_alt_pattern_3,
          nicolae_vaults_twisting_passages, st_smaller_cells,
          grunt_vaults_funnel, nicolae_vaults_hallways_thing,
          nicolae_vaults_back_hallway, vaults_standard_mumra_enter_the_diamond,
          vaults_room_corners, layout_vaults_maze_bifur, serial_shops,
          nicolae_square_shop, uniq_sojobo, uniq_jory
Vaults:4: gammafunk_ghost_necromancy, nicolae_vaults_angled_halls, v_rooms_1,
          nicolae_vaults_three_branches, v_misc_3, grunt_vaults_swirl,
          v_alt_pattern_4, nicolae_vaults_network_barrier,
          hangedman_vaults_trim, nicolae_vaults_theta, layout_vaults_omnicross
Vaults:5: serial_shops
Crypt:1:  layout_misc_corridors, grunt_crypt_arrival_guarded_gate
Crypt:2:  layout_gridlike, gammafunk_ghost_arena, minivault_19, uniq_vv
Crypt:3:  grunt_crypt_end_deaths_head
Tomb:1
Tomb:2
Tomb:3:   uniq_mennas
Depths:1: layout_basic, hellmouth_3, grunt_absolute_annihilation,
          serial_bayou_shore_b
Depths:2: evilmike_lava_path, layout_cave_shapes, enter_ziggurat_c, hell_entry,
          grunt_pan_entry_sceptre, nicolae_uskayaw_murder_on_the_dancefloor,
          nicolae_dithmenos_the_darkroom, minmay_staircase_windowed_large,
          uniq_enchantress, uniq_grunn
Depths:3: nicolae_cairo_tiling, layout_cave_shapes, abyss_entry, serial_shops,
          shop, nicolae_stop_n_shop_2, nicolae_shop_statue_plus,
          nicolae_shop_hallway_stairs, grunt_hell_entry_dis_mu,
          trog_three_pillars_becter, lemuel_zombie_altar_kikubaaqudgha,
          uniq_josephina
Depths:4: grunt_zot_entry_pinwheel, layout_gridlike, hellmouth_1,
          roderic_roman_lattice, minmay_misc_feat_hallway, grunt_ministairs_6,
          uniq_parghit
Hell

Skill      XL: |  1  2  3  4  5  6  7  8  9 10 11 12 13 14 15 16 17 18 19 20 21 22 23 24 25 26 27 |
---------------+----------------------------------------------------------------------------------+-----
Axes           | 3 4 5 8 10 11 14 16 18 22 24 | 24.0
Fighting       | 7 11 13 16 17 21 22 24 26 27 | 27.0
Armour         | 7 10 12 13 17 23 25 26 27 | 27.0
Invocations    | 2 13 19 21 24 27 | 27.0
Shields        | 5 13 | 13.8
Staves         | 5 13 14 | 14.0
Maces & Flails | 9 13 16 | 16.2

Action                   |  1- 3 |  4- 6 |  7- 9 | 10-12 | 13-15 | 16-18 | 19-21 | 22-24 | 25-27 || total
-------------------------+-------+-------+-------+-------+-------+-------+-------+-------+-------++-------
Melee: War axe           |    74 |   166 |   387 |   447 |   847 |   941 |   549 |       |       ||  3411
       Broad axe         |       |       |       |       |       |       |   560 |  1721 |   631 ||  2912
       Lajatang          |       |       |       |       |       |       |       |       |   112 ||   112
       Executioner's axe |       |       |       |       |       |       |       |       |   211 ||   211
Invok: Convert to Beogh  |       |       |       |     1 |       |       |       |       |       ||     1
       Recall Orcish Fol |       |       |       |       |    12 |    15 |    13 |     8 |       ||    48
       Give Item to Name |       |       |       |       |     3 |     2 |       |       |       ||     5
       Smiting           |       |       |       |       |    10 |    27 |    24 |    46 |       ||   107
       Resurrection      |       |       |       |       |       |     1 |     1 |       |       ||     2
       Cleansing Flame   |       |       |       |       |       |       |       |     4 |    73 ||    77
       Brand Weapon With |       |       |       |       |       |       |       |       |     1 ||     1
       Summon Divine War |       |       |       |       |       |       |       |       |     4 ||     4
Evoke: Wand              |       |       |       |       |       |       |     1 |     8 |       ||     9
  Use: Scroll            |       |     7 |    11 |    12 |     7 |       |    16 |    12 |     7 ||    72
       Potion            |       |     2 |     2 |     5 |     1 |       |     8 |    10 |     8 ||    36
 Stab: Distracted        |       |       |       |     2 |     3 |     3 |     2 |     5 |       ||    15
       Invisible         |       |       |       |     2 |     1 |       |       |       |       ||     3
       Paralysed         |       |       |       |       |     1 |       |       |       |       ||     1
Armor: Scale mail        |    23 |    64 |   104 |       |       |       |       |       |       ||   191
       Plate armour      |       |       |    74 |    19 |       |       |       |       |       ||    93
       Chain mail        |       |       |       |   289 |   557 |   803 |   328 |       |       ||  1977
       Gold dragon scale |       |       |       |       |       |       |   218 |   979 |  1002 ||  2199
Dodge: Dodged            |    31 |    65 |   120 |   143 |   263 |   314 |   221 |   309 |   315 ||  1781
Block: Buckler           |    13 |    21 |    59 |    76 |   136 |   320 |   245 |   447 |   154 ||  1471

Table legend: (Time is in decaauts)
 A = Elapsed time spent in this place.
 B = Non-inter-level travel time spent in this place.
 C = Inter-level travel time spent in this place.
 D = Time resting spent in this place.
 E = Time spent auto-exploring this place.
 F = Levels seen in this place.
 G = Mean time per level.
                   A        B        C        D        E       F      G
               +--------+--------+--------+--------+--------+-----+--------+
         Total |  61618 |  55557 |   6061 |   7238 |  32827 |  63 |  978.1 |
       Dungeon |  15652 |  13337 |   2315 |    570 |   9810 |  15 | 1043.5 |
        Temple |    226 |    207 |     19 |      0 |    192 |   1 |  226.0 |
          Lair |   5906 |   5063 |    843 |      0 |   4002 |   6 |  984.3 |
         Swamp |   2460 |   2292 |    168 |     11 |   1547 |   4 |  615.0 |
   Spider Nest |   5428 |   5104 |    324 |    892 |   3337 |   4 | 1357.0 |
    Slime Pits |    752 |    696 |     56 |     93 |      5 |   5 |  150.4 |
  Orcish Mines |   1008 |    829 |    179 |      0 |    639 |   2 |  504.0 |
   Elven Halls |   3812 |   3562 |    250 |    161 |   2401 |   3 | 1270.7 |
        Vaults |   8446 |   7482 |    964 |    469 |   5038 |   5 | 1689.2 |
         Crypt |   3538 |   3293 |    245 |    900 |   1151 |   3 | 1179.3 |
          Tomb |   5366 |   5019 |    347 |   2815 |    376 |   3 | 1788.7 |
        Depths |   6491 |   6161 |    330 |    961 |   3626 |   4 | 1622.8 |
          Hell |    648 |    631 |     17 |     55 |    350 |   1 |  648.0 |
         Abyss |    616 |    616 |      0 |      0 |     89 |   4 |  154.0 |
         Trove |    118 |    118 |      0 |      0 |      0 |   1 |  118.0 |
         Sewer |    436 |    436 |      0 |      0 |    243 |   1 |  436.0 |
      Ice Cave |    708 |    708 |      0 |    310 |     18 |   1 |  708.0 |
               +--------+--------+--------+--------+--------+-----+--------+

Top non-repeatable levels by time:
  Tomb:1: 4437 daAuts
Vaults:3: 2079 daAuts
Spider:2: 2012 daAuts
Depths:4: 2005 daAuts
Depths:2: 1854 daAuts
   Elf:3: 1766 daAuts
Vaults:5: 1688 daAuts
Vaults:1: 1661 daAuts
Vaults:2: 1542 daAuts
     D:5: 1500 daAuts
Vaults:4: 1474 daAuts
Depths:3: 1433 daAuts
 Crypt:3: 1383 daAuts
Spider:3: 1379 daAuts
    D:11: 1352 daAuts
